 Dungeon Crawl Stone Soup version 0.26-a0-648-g87339cca5e (webtiles) character file.

Game seed: 4473328895881250708

(classic levelgen) 6049 EnegeticOcto the Carver (level 10, -5/80 HPs)
             Began as a Mummy Wanderer on Sept 25, 2020.
             Was an Initiate of Gozag.
             Slain by a phantasmal warrior (34 damage)
             ... led by a death knight
             ... on level 10 of the Dungeon.
             The game lasted 00:21:01 (11202 turns).

EnegeticOcto the Carver (Mummy Wanderer)           Turns: 11202, Time: 00:21:02

Health: -5/80      AC:  9    Str: 19    XL:     10   Next: 57%
Magic:  3/3        EV:  9    Int: 13    God:    Gozag
Gold:   1235       SH:  7    Dex: 10    Spells: 9/9 levels left

rFire    + . .     SeeInvis .   a - +2 demon blade (antimagic)
rCold    + . .     Faith    .   j - +0 kite shield
rNeg     + + +     Spirit   .   E - +0 steam dragon scales
rPois    ∞         Reflect  .   d - +0 helmet
rElec    +         Harm     .   k - scarf {shadows}
rCorr    +         Rampage  .   (no gloves)
MR       .....                  l - +2 pair of boots
Stlth    ++........             q - amulet of regeneration
HPRegen  0.63/turn              o - ring of fire
MPRegen  0.08/turn              A - ring of stealth

@: mighty, resistant, vulnerable, stab, hasted, invisible, very quick
A: no potions, fire vulnerability, cold resistance 1, negative energy resistance
3, torment resistance, unbreathing
a: Potion Petition, Call Merchant, Bribe Branch, Renounce Religion


You were on level 10 of the Dungeon.
You worshipped Gozag.
Gozag was most pleased with you.
You visited 1 branch of the dungeon, and saw 11 of its levels.

You collected 2156 gold pieces.
You paid 921 gold pieces to Gozag.

Inventory:

Hand Weapons
 a - a +2 antimagic demon blade (weapon)
 b - a +2 dagger of venom
Missiles
 e - 193 arrows
 h - 137 bolts
 i - 38 poisoned darts (quivered)
 m - 297 stones
 v - 13 boomerangs
Armour
 d - a +0 helmet (worn)
 j - a +0 kite shield (worn)
 k - a scarf of shadows (worn)
 l - a +2 pair of boots (worn)
 E - +0 steam dragon scales (worn)
Jewellery
 o - a ring of fire (left hand)
 q - an amulet of regeneration (around neck)
 t - a +6 ring of intelligence {unknown}
 A - a ring of stealth (right hand)
Wands
 c - a wand of disintegration (9)
 g - a wand of iceblast (8) {@v2}
 n - a wand of flame (3) {@v4}
 x - a wand of acid (8) {@v1}
 D - a wand of paralysis (4)
Scrolls
 f - 4 scrolls of fear {!r}
 p - 5 scrolls of teleportation {@r3 !r}
 s - 4 scrolls of immolation
 w - a scroll of magic mapping {@r5 !r}
 y - 3 scrolls of fog {!r}


   Skills:
 - Level 8.0 Fighting
 * Level 11.1 Long Blades
 - Level 1.0 Throwing
 - Level 1.5 Armour
 - Level 1.5 Dodging
 - Level 1.0 Stealth
 - Level 4.0 Evocations


You had 9 spell levels left.
You didn't know any spells.
Your spell library contained the following spells:

 Spells                   Type           Power        Failure   Level
 Summon Small Mammal      Summ           #...         91%         1
 Call Imp                 Summ           #.......     97%         2
 Call Canine Familiar     Summ           #.......     100%        3
 Summon Guardian Golem    Hex/Summ       #.......     100%        3
 Summon Ice Beast         Ice/Summ       #.......     100%        4
 Summon Lightning Spire   Summ/Air       #.......     100%        4


Dungeon Overview and Level Annotations

Branches:
Dungeon (11/15)            Temple (0/1) D:5
   Lair: D:8-11         Orc: D:9-12

Altars:
Cheibriados
Gozag
Kikubaaqudgha
Qazlal
Ru
Yredelemnul

Shops:
D:10 !*

Portals:
Trove: D:11 (give 5 scrolls of blinking)

Annotations:
D:3 1 runed translucent door, Crazy Yiuf
D:5 Dowan, Duvessa
D:8 1 exclusion
D:9 exclusion: two-headed ogre
D:10 3 runed translucent doors, 2 exclusions, Gargoyl's ghost, novice GnAK


Innate Abilities, Weirdness & Mutations

You do not drink.
Your flesh is vulnerable to fire.
You are immune to poison.
Your flesh is cold resistant. (rC+)
You are immune to negative energy. (rN+++)
You are immune to unholy pain and torment.
You can survive without breathing.


Message History

No target in view!
No target in view!
No target in view!
No target in view!
No target in view!
No target in view!
No target in view!
No target in view!
No target in view!
You now have 2126 gold pieces (gained 6).
Things that are here:
a cursed +5 mace; a +0 robe A jelly comes into view.
Throwing (i - inventory. (/) - cycle)
i - 41 poisoned darts (quivered)
Press: ? - help, Shift-Dir - straight line, f - jelly
Aim: a jelly (wandering, hasn't noticed you)
You throw a poisoned dart. The poisoned dart hits the jelly.
The jelly quivers.
You hit the jelly. The acid corrodes you!
Your hands burn!
The jelly is lightly wounded.
You block the jelly's attack.
You slash the jelly!
Your hands burn!
The jelly is severely wounded.
The jelly hits you but does no damage.
You hit the jelly.
Your hands burn!
The jelly is almost dead.
You slash the jelly!
You kill the jelly!
No target in view!
No target in view!
No target in view!
You now have 2131 gold pieces (gained 5).
A death knight comes into view. It is wielding a +0 battleaxe.
Things that are here:
a cursed +5 mace; a +0 robe You are no longer corroded.
You start waiting.
A death knight is nearby!
Evoke which item? (* to show all) (? for menu, Esc to quit)
Okay, then.
Throwing (i - inventory. (/) - cycle)
i - 40 poisoned darts (quivered)
Press: ? - help, Shift-Dir - straight line, f - death knight
Aim: a death knight, wielding a +0 battleaxe and wearing a +0 chain mail (wandering, hasn't noticed you)
You throw a poisoned dart.
The poisoned dart closely misses the death knight.
The death knight shouts!
A phantasmal warrior comes into view.
Throwing (i - inventory. (/) - cycle)
i - 39 poisoned darts (quivered)
Press: ? - help, Shift-Dir - straight line, f/p - death knight
Aim: a death knight, wielding a +0 battleaxe and wearing a +0 chain mail You throw a poisoned dart.
The poisoned dart closely misses the death knight.
The phantasmal warrior blinks!
Press: ? - help, v - describe, . - travel, g - get item
Here: a phantasmal warrior
Items here: a +0 long sword; a +0 robe.
The floor.
The phantasmal warrior blinks!
The phantasmal warrior hits you!
The death knight offers itself to Yredelemnul, and fills with unholy energy.
The phantasmal warrior hits you!
The phantasmal warrior blinks!
The phantasmal warrior hits you!
Your magical defenses are stripped away!
The phantasmal warrior blinks!
You see here a potion of might {@q3 !q}.
The phantasmal warrior hits you but does no damage.
The death knight's dark mirror aura disappears.
The phantasmal warrior blinks!
A centaur warrior skeleton comes into view.
The phantasmal warrior hits you!
There is a stone staircase leading up here.
The phantasmal warrior closely misses you.
You climb upwards.
Level annotation: 3 runed translucent doors, 2 exclusions, Gargoyl's ghost, novice GnAK
There is a stone staircase leading down here. [a] - 280 gold - resistance [b] - 240 gold - heal wounds and curing [c] - 192 gold - might and stabbing Purchase which effect?
You feel very mighty all of a sudden.
You feel ready to backstab. The phantasmal warrior hits you!
You hit the phantasmal warrior.
The phantasmal warrior's magic leaks into the air.
The phantasmal warrior is lightly damaged.
You block the phantasmal warrior's attack.
You hit the phantasmal warrior.
The phantasmal warrior's magic leaks into the air.
The phantasmal warrior is lightly damaged.
The phantasmal warrior hits you. [a] - 216 gold - might and stabbing [b] - 704 gold - haste, resistance, invisibility and stabbing [c] - 357 gold - lignification, might and resistance Purchase which effect?
You feel yourself speed up.
You feel protected.
You fade into invisibility!
You feel more ready to backstab. The phantasmal warrior hits you!!
You die...
Your body crumbles into a pile of gold.

#########.###..#.## .<#
#.........# ..#
######.#..# ..# #....#
..# #....#
..#############...######
..##..............#....#
####.##########...#.##.#
#.# ##@W...#.# #.#
#......#.# #)#
#....#.#.# #.#
##.##.#.#.#
#.#########.......#.#
#.........#.....###.#
########.....##.....#
#.....##.#####
#........#


You could see a phantasmal warrior.

Vanquished Creatures
  Maggie (D:7)
  2 trolls (D:9)
  3 hippogriffs
  5 yaks (D:10)
  A water moccasin (D:7)
  A black bear (D:8)
  3 ice beasts
  2 sky beasts
  3 ogres
  4 centaurs
  2 big kobolds (D:9)
  8 bullfrogs
  A water moccasin zombie (D:6)
  4 scorpions
  3 killer bees (D:4)
  11 wights
  A howler monkey (D:5)
  4 orc priests
  A jelly (D:11)
  2 bullfrog skeletons
  3 hounds
  11 orc wizards
  3 iguanas
  Ijyb (D:4)
  Natasha (thrice) (D:2)
  5 worker ants
  2 hound zombies
  A hound skeleton (D:6)
  12 adders
  A howler monkey skeleton (D:9)
  4 shadow imps
  3 white imps
  3 ufetubi
  3 oozes
  2 adder skeletons (D:6)
  An adder zombie (D:8)
  3 worms
  2 dart slugs (D:1)
  5 leopard geckos
  36 orcs
  8 giant cockroaches
  9 goblins
  7 hobgoblins
  15 jackals
  13 kobolds
  8 quokkas
  A ball python (D:8)
  5 bats
  5 frilled lizards
  A jackal skeleton (D:6)
  A quokka skeleton (D:4)
  A quokka zombie (D:6)
  A rat (D:1)
  A spectral orc (D:2)
242 creatures vanquished.

Vanquished Creatures (others)
  2 plants (D:4)
  4 toadstools (D:5)
6 creatures vanquished.

Grand Total: 248 creatures vanquished

Notes
Turn   | Place    | Note
-------+----------+-------------------------------------------
     0 | D:1      | EnegeticOcto the Mummy Wanderer began the quest for the
                  | Orb.
     0 | D:1      | EnegeticOcto set off with the following items: a +0
                  | falchion, a scroll of teleportation {@r3 !r}, a +2 leather
                  | armour
     0 | D:1      | Reached XP level 1. HP: 18/18 MP: 1/1
   503 | D:1      | Reached XP level 2. HP: 24/24 MP: 2/2
  1045 | D:1      | Reached XP level 3. HP: 29/29 MP: 3/3
  1071 | D:1      | Reached skill level 2 in Long Blades
  1433 | D:2      | Noticed Natasha
  1441 | D:2      | Killed Natasha
  1441 | D:2      | Reached skill level 4 in Fighting
  1441 | D:2      | Reached XP level 4. HP: 37/37 MP: 4/4
  1598 | D:2      | Noticed Natasha
  1609 | D:2      | Killed Natasha
  1609 | D:2      | Reached skill level 3 in Long Blades
  1716 | D:2      | Found an opulent altar of Gozag.
  1721 | D:2      | Became a worshipper of Gozag Ym Sagoz the Greedy
  1818 | D:2      | Noticed Natasha
  1829 | D:2      | Killed Natasha
  1829 | D:2      | Reached XP level 5. HP: 39/42 MP: 5/5
  1996 | D:2      | Found a basalt altar of Yredelemnul.
  2818 | D:3      | Found a runed translucent door.
  2819 | D:3      | Noticed Crazy Yiuf
  3169 | D:4      | You fall into a shaft and drop 3 floors!
  3251 | D:6      | Reached skill level 4 in Long Blades
  3251 | D:6      | Reached XP level 6. HP: 22/49 MP: 6/6
  3370 | D:5      | Entered Level 5 of the Dungeon
  3396 | D:4      | Noticed Ijyb
  3423 | D:4      | Killed Ijyb
  3730 | D:4      | Reached skill level 5 in Fighting
  4557 | D:4      | Reached skill level 5 in Long Blades
  4557 | D:4      | Reached XP level 7. HP: 48/56 MP: 7/7
  5043 | D:5      | Reached skill level 6 in Fighting
  5043 | D:5      | Reached skill level 6 in Long Blades
  5313 | D:5      | Found a staircase to the Ecumenical Temple.
  6092 | D:6      | Noticed Duvessa
  6092 | D:6      | Noticed Dowan
  6109 | D:6      | Reached XP level 8. HP: 46/64 MP: 8/8
  6892 | D:6      | Reached skill level 7 in Long Blades
  6939 | D:7      | Noticed a hippogriff
  6958 | D:7      | Killed a hippogriff
  6958 | D:7      | Reached skill level 7 in Fighting
  7252 | D:7      | Noticed Maggie
  7263 | D:7      | Killed Maggie
  7263 | D:7      | Reached skill level 8 in Long Blades
  7263 | D:7      | Reached skill level 1 in Evocations
  7263 | D:7      | Reached XP level 9. HP: 72/72 MP: 9/9
  7585 | D:7      | Found a sacrificial altar of Ru.
  7586 | D:7      | Found a stormy altar of Qazlal.
  7796 | D:7      | Reached skill level 2 in Evocations
  7797 | D:7      | Identified a scroll of acquirement
  7798 | D:7      | Acquired a +0 antimagic demon blade
  8195 | D:7      | Reached skill level 8 in Fighting
  8565 | D:8      | Reached skill level 9 in Long Blades
  8605 | D:8      | Reached skill level 3 in Evocations
  8791 | D:8      | Found a snail-covered altar of Cheibriados.
  9207 | D:9      | Noticed a troll
  9241 | D:9      | Reached XP level 10. HP: 49/80 MP: 3/10
  9258 | D:9      | Reached skill level 4 in Evocations
  9491 | D:9      | Found an ancient bone altar of Kikubaaqudgha.
  9576 | D:9      | Reached skill level 10 in Long Blades
 10055 | D:9      | Noticed a two-headed ogre
 10270 | D:10     | Entered Level 10 of the Dungeon
 10413 | D:10     | Reached skill level 11 in Long Blades
 10477 | D:10     | Found Emukait's Distillery.
 10661 | D:10     | Found a runed translucent gate.
 10661 | D:10     | Found a runed translucent gate.
 10661 | D:10     | Found a runed translucent gate.
 10663 | D:10     | Found an opulent altar of Gozag.
 10664 | D:10     | Found Bimnoedu's Assorted Antiques.
 10664 | D:10     | Noticed a fire giant
 10665 | D:10     | Noticed Gargoyl's ghost (novice GnAK)
 10942 | D:10     | Identified the cursed +3 long sword of the Unliving
                  | {antimagic, *Contam +Rage rN+++ Dex-3} (You found it on
                  | level 10 of the Dungeon)
 10959 | D:11     | Found a portal to a secret trove of treasure.
 11167 | D:11     | Noticed a death knight
 11179 | D:11     | Noticed a phantasmal warrior
 11202 | D:10     | Slain by a phantasmal warrior

Illustrated notes

Levels and vault maps discovered:
D:1:      minmay_arrival_four_circles, layout_loops_corners, serial_forest,
          infiniplex_forest_zigzag_2, infiniplex_forest_clump_long,
          infiniplex_forest_lined_2, infiniplex_forest_corner_2,
          infiniplex_forest_clump_double, minmay_quantized
D:2:      layout_loops_ring, lemuel_doored_altar,
          yredelemnul_forgotten_temple_becter, serial_glass, glass_columns_a,
          glass_columns_a, uniq_natasha
D:3:      layout_basic, uniq_crazy_yiuf_cottage
D:4:      layout_gridville, chequers_big_river, minmay_misc_feat_four_crosses,
          kennysheep_opposing_triangles, uniq_ijyb
D:5:      layout_layer_cave, minmay_temple_entry_glass, kennysheep_flooded_box,
          minmay_gold_behind_fungi
D:6:      layout_basic, uniq_duvessa
D:7:      layout_basic, nicolae_overflow_hidden_temple, minmay_alternating_orb,
          uniq_maggie
D:8:      layout_rooms, cheibrodos_worm_habitat, erik_lair_dragon
D:9:      layout_loops_corners, kennysheep_mini_moat
D:10:     layout_basic, ebering_ghost_gozag, serial_shops, shop,
          minmay_rotating_lava
D:11:     layout_cave_pods, enter_trove_0, serial_shops, kennysheep_little_box,
          tso_metal_star, uniq_grum

Skill      XL: |  1  2  3  4  5  6  7  8  9 10 |
---------------+-------------------------------+-----
Long Blades    | 2 3 4 5 6 8 9 11 | 11.1
Fighting       | 4 5 6 7 8 |  8.0
Evocations     | 1 3 4 |  4.0
Throwing       | |  1.0
Armour         | |  1.5
Dodging        | |  1.5
Stealth        | |  1.0

Action                   |  1- 3 |  4- 6 |  7- 9 | 10-12 || total
-------------------------+-------+-------+-------+-------++-------
Melee: Falchion          |    19 |       |       |       ||    19
       Dagger            |    75 |   237 |   363 |       ||   675
       Demon blade       |       |       |   206 |   154 ||   360
Throw: Dart              |    15 |    58 |    25 |     5 ||   103
Invok: Potion Petition   |       |       |       |     2 ||     2
Evoke: Wand              |       |       |     6 |     5 ||    11
  Use: Scroll            |     6 |    11 |     6 |     2 ||    25
 Stab: Sleeping          |     2 |     1 |     3 |     3 ||     9
       Paralysed         |       |       |     5 |     3 ||     8
       Distracted        |       |       |     1 |     1 ||     2
Armor: Leather armour    |    23 |    80 |       |       ||   103
       Scale mail        |       |       |   114 |       ||   114
       Steam dragon scal |       |       |    87 |    35 ||   122
Dodge: Dodged            |    21 |    74 |   136 |    39 ||   270
Block: Kite shield       |    27 |    82 |   159 |    40 ||   308
       Rpst.: Falchion   |     3 |       |       |       ||     3
       Demon blade       |       |       |     9 |    11 ||    20

Table legend: (Time is in decaauts)
 A = Elapsed time spent in this place.
 B = Non-inter-level travel time spent in this place.
 C = Inter-level travel time spent in this place.
 D = Time resting spent in this place.
 E = Time spent auto-exploring this place.
 F = Levels seen in this place.
 G = Mean time per level.
                   A        B        C        D        E       F      G
               +--------+--------+--------+--------+--------+-----+--------+
         Total |  11178 |  10720 |    458 |    401 |   7722 |  11 | 1016.2 |
       Dungeon |  11178 |  10720 |    458 |    401 |   7722 |  11 | 1016.2 |
               +--------+--------+--------+--------+--------+-----+--------+

Top non-repeatable levels by time:
     D:5: 1373 daAuts
     D:4: 1373 daAuts
     D:7: 1313 daAuts
     D:9: 1297 daAuts
     D:1: 1233 daAuts
     D:3: 1054 daAuts
     D:6: 1016 daAuts
     D:2: 884 daAuts
     D:8: 712 daAuts
    D:10: 687 daAuts
    D:11: 234 daAuts
